 Dungeon Crawl Stone Soup version 0.23-a0-644-gb60d84b (webtiles) character file.

77790 Lilu the Eclecticist (level 15, -6/85 HPs)
             Began as a Deep Elf Wizard on Dec 28, 2018.
             Was a High Priest of Hepliaklqana.
             Killed from afar by a bog body (9 damage)
             ... with a bolt of cold
             ... on level 1 of the Swamp on Jan 1, 2019.
             The game lasted 03:02:12 (37583 turns).

Lilu the Eclecticist (Deep Elf Wizard)             Turns: 37583, Time: 03:02:14

Health: -6/85      AC:  9    Str:  7    XL:     15   Next: 16%
Magic:  0/54       EV:  2    Int: 27    God:    Hepliaklqana [*****.]
Gold:   2153       SH:  0    Dex: 17    Spells: 7/44 levels left

rFire    + . .     SeeInvis .   s - +7 mace of Neurosis {drain, Dex+4 Stlth+}
rCold    . . .     Gourm    .   U - +0 buckler {rF+}
rNeg     + + +     Faith    .   w - +0 steam dragon scales
rPois    ∞         Spirit   +   F - +0 helmet
rElec    .         Reflect  .   i - scarf {Spirit}
rCorr    .         Harm     .   l - +0 pair of gloves
MR       +....                  e - +1 pair of boots
Stlth    +++++.....             (no amulet)
HPRegen  0.24/turn              x - ring of magical power
MPRegen  0.34/turn              C - ring of magical power

@: petrified, deflect missiles
A: reduced essence
a: Recall Ancestor, Ancestor Identity, Transference, Idealise, Renounce Religion


You were on level 1 of the Swamp.
You worshipped Hepliaklqana.
Hepliaklqana was extremely pleased with you.
You were not hungry.

You visited 3 branches of the dungeon, and saw 23 of its levels.
You also visited: Bailey.

You collected 2333 gold pieces.
You spent 180 gold pieces at shops.

Inventory:

Hand Weapons
 f - a +1 blowgun
 s - the +7 mace of Neurosis (weapon) {drain, Dex+4 Stlth+}
   (You found it on level 5 of the Dungeon)

   A truly terrible weapon, it drains the life of those it strikes.
   It affects your dexterity (+4).
   It makes you more stealthy.
 D - a +2 dagger of electrocution
Missiles
 L - 4 curare-tipped needles
 P - 4 throwing nets (quivered)
Armour
 e - a +1 pair of boots (worn)
 i - a scarf of spirit shield (worn)
 l - a +0 pair of gloves (worn)
 w - +0 steam dragon scales (worn)
 F - a +0 helmet (worn)
 U - a +0 buckler of fire resistance (worn)
Magical Staves
 k - an uncursed staff of wizardry
Jewellery
 b - an uncursed ring of see invisible
 x - a ring of magical power (left hand)
 y - an uncursed ring of flight
 C - a ring of magical power (right hand)
Wands
 c - a wand of acid (18)
 p - a wand of scattershot (5)
 E - a wand of digging (7)
 G - a wand of iceblast (14)
 H - a wand of paralysis (5)
 V - a wand of clouds (7)
Scrolls
 h - 4 scrolls of fear
 j - 12 scrolls of teleportation
 q - 15 scrolls of remove curse
 z - 4 scrolls of immolation
 A - a scroll of amnesia
 T - 3 scrolls of fog
 W - 4 scrolls of magic mapping
 X - 3 scrolls of enchant weapon
 Y - 7 scrolls of identify
 Z - 2 scrolls of enchant armour
Potions
 a - 3 potions of haste
 m - 5 potions of agility
 n - 4 potions of might
 o - a potion of magic
 r - 5 potions of flight
 t - 8 potions of curing
 v - 4 potions of brilliance
 B - a potion of mutation
 I - 2 potions of ambrosia
 K - a potion of resistance
 M - 2 potions of berserk rage
 O - 3 potions of heal wounds
Miscellaneous
 J - a lamp of fire
 N - a crystal ball of energy
 R - a box of beasts
 S - a phantom mirror
Comestibles
 d - 46 rations


   Skills:
 + Level 11.2 Fighting
 - Level 3.7 Short Blades
 + Level 14.3 Dodging
 - Level 7.0 Stealth
 - Level 4.0 Shields
 + Level 15.0 Spellcasting
 - Level 8.0 Conjurations
 - Level 5.0 Hexes
 - Level 5.0 Charms
 - Level 3.0 Summonings
 - Level 3.0 Translocations
 - Level 8.0 Fire Magic
 - Level 3.0 Air Magic
 + Level 7.0 Earth Magic
 - Level 3.0 Poison Magic
 - Level 5.0 Invocations


You had 7 spell levels left.
You knew the following spells:

 Your Spells              Type           Power        Failure   Level  Hunger
a - Throw Flame           Conj/Fire      ######       1%          2    None
b - Call Imp              Summ           #####...     1%          2    None
c - Blink                 Tloc           N/A          1%          2    None
d - Conjure Flame         Conj/Fire      ######..     1%          3    None
e - Mephitic Cloud        Conj/Pois/Air  #####...     1%          3    None
f - Fireball              Conj/Fire      ######....   2%          5    None
g - Sticky Flame          Conj/Fire      ######..     1%          4    None
h - Deflect Missiles      Chrm/Air       #####.....   58%         6    ####...
i - Cause Fear            Hex            #####.....   3%          4    None
j - Iron Shot             Conj/Erth      ######....   19%         6    ####...

Your spell library contained the following spells:

 Spells                   Type           Power        Failure   Level  Hunger
 Corona                   Hex            #####..      1%          1    None
 Flame Tongue             Conj/Fire      #####        1%          1    None
 Magic Dart               Conj           ####         1%          1    None
 Summon Butterflies       Summ           #####...     1%          1    None
 Slow                     Hex            #####...     1%          2    None
 Ignite Poison            Fire/Tmut/Pois #####...     1%          3    None
 Inner Flame              Hex/Fire       ######..     1%          3    None
 Portal Projectile        Hex/Tloc       #####.       1%          3    None
 Call Canine Familiar     Summ           #####...     2%          3    None
 Leda's Liquefaction      Hex/Erth       ######....   2%          4    None
 Bolt of Magma            Conj/Fire/Erth ######....   3%          5    None
 Summon Ice Beast         Ice/Summ       ####....     14%         4    None
 Silence                  Hex/Air        #####.....   14%         5    None
 Summon Mana Viper        Hex/Summ       #####...     14%         5    None
 Bolt of Fire             Conj/Fire      ######....   14%         6    ####...
 Ice Form                 Ice/Tmut       ###.....     26%         4    None
 Metabolic Englaciation   Hex/Ice        ####......   26%         5    None
 Yara's Violent Unravell  Hex/Tmut       ####......   26%         5    None
 Bolt of Cold             Conj/Ice       #####.....   58%         6    ####...
 Freezing Cloud           Conj/Ice/Air   #####.....   65%         6    ####...
 Statue Form              Tmut/Erth      #####....    67%         6    ####...
 Ring of Flames           Chrm/Fire      ######....   83%         7    #####..
 Ozocubu's Refrigeration  Ice            ###.......   98%         6    ####...
 Simulacrum               Ice/Necr       ###.......   98%         6    ####...
 Summon Hydra             Summ           #####.....   99%         7    #####..
 Ignition                 Fire           ######....   99%         8    #######
 Discord                  Hex            #####.....   100%        8    #######
 Shatter                  Erth           ######....   100%        9    #######


Dungeon Overview and Level Annotations

Branches:
Dungeon (15/15)            Temple (0/1) D:4            Lair (6/6) D:10
  Swamp (2/4) Lair:4        Snake (0/4) Lair:4        Slime (0/5) Lair:6
    Orc (0/2) D:12         Vaults (0/5) D:14         Depths (0/5) D:15

Altars:
Cheibriados
Fedhas
Gozag
Hepliaklqana
Nemelex Xobeh
Okawaru
Qazlal
Ru
Vehumet
Yredelemnul
Zin
The Shining One
Jiyva

Shops:
D:5 :   D:9 *   D:11 ?

Portals:
Trove: D:13 (give +6 ice dragon scales)

Annotations:
D:10 3 runed doors, exclusion: 3 doors, SaintRoka's ghost, novice DDTm
D:12 Rupert
D:15 exclusion: Roxanne, Roxanne
Swamp:1 Jorgrun


Message History

You feel sick.
Jorgrun points at you and mumbles some strange words.
You are slowing down.
You feel better. Jorgrun gestures at you while chanting.
Roots burst forth from the earth!
The grasping roots grab you!
* * * LOW HITPOINT WARNING * * *
The grasping roots constrict you!
* * * LOW HITPOINT WARNING * * *
The grasping roots constrict you.
Your limbs are stiffening.
You escape the roots' grasp.
You have turned to stone.
Jorgrun says, "May tha earth consume ye!"
Jorgrun points at you and mumbles some strange words.
Helpless, you fail to dodge the iron shot.
* * * LOW HITPOINT WARNING * * *
A bog body comes into view.
The bog body points at you and mumbles some strange words.
Helpless, you fail to dodge the bolt of cold.
You die...

..... .≈.≈.♣♣♣♣♣♣♣
.≈....≈≈.≈.♣♣
...≈≈≈≈≈≈≈≈.♣♣
♣..≈≈≈≈≈≈≈≈.♣ ♣♣♣ ≈
♣≈g≈≈≈≈≈≈≈§≈♣♣♣≈≈♣.>..
♣≈≈≈≈≈.≈≈≈≈...>/≈....≈
♣.≈≈≈≈@.≈≈≈≈≈≈≈≈≈≈.≈≈≈
♣.≈≈≈≈.≈≈≈≈.≈≈≈≈≈≈.≈≈≈
♣§≈≈≈≈○≈≈≈≈...≈≈≈≈≈...
♣.≈≈≈≈○≈≈≈§.♣♣≈..≈..♣♣
♣♣§.≈≈○≈≈≈.♣♣♣≈.......
.....≈n....♣ .>.≈.≈.≈≈
♣≈...≈≈.≈≈..≈♣...≈...≈≈
♣...≈≈≈.≈≈≈..≈≈
.≈≈≈....≈≈≈≈≈..


You could see Jorgrun and a bog body.

Vanquished Creatures
  Gastronok (D:10)
  A dire elephant (Lair:6)
  Azrael (D:15)
  A yaktaur captain (D:12)
  Josephine (D:15)
  A vault guard (D:14)
  2 hydras
  A catoblepas (Lair:4)
  2 centaur warriors
  A death knight (D:13)
  4 two-headed ogres
  3 death yaks
  Sonja (D:10)
  Nergalle (D:10)
  8 skeletal warriors
  An unseen horror (D:13)
  A wizard (D:14)
  A lindwurm (Lair:6)
  Pikel (D:4)
  A wolf spider zombie (D:13)
  An ugly thing (D:12)
  2 deep elf magi
  2 oklob plants
  4 manticores
  3 cyclopes
  6 black mambas
  9 elephants
  4 gargoyles
  2 centaur skeletons
  5 spiny frogs
  5 rime drakes
  A kobold demonologist (D:12)
  A freezing wraith (D:13)
  2 komodo dragons
  A yaktaur skeleton (D:15)
  A guardian mummy (D:13)
  4 trolls
  A tyrant leech (Swamp:2)
  12 blink frogs
  3 hornets
  2 dream sheep (Lair:6)
  A bog body (Lair:4)
  7 hippogriffs
  A spriggan (D:11)
  2 wraiths
  A centaur simulacrum (D:15)
  2 shadows
  A fire elemental (D:15)
  2 wyverns
  6 yaks
  18 humans (D:14)
  A vampire mosquito (Swamp:2)
  3 basilisks
  A swamp worm (Swamp:1)
  An acid dragon (D:11)
  5 orc warriors
  A soldier ant (D:13)
  2 hell hounds (D:15)
  13 water moccasins
  10 porcupines
  A swamp drake (D:12)
  A hornet zombie (D:12)
  4 ice beasts
  2 sky beasts
  A black bear (D:10)
  2 phantoms
  A necrophage (D:14)
  3 ogres
  11 wolves
  4 centaurs
  6 crocodiles
  9 bullfrogs
  6 gnoll sergeants (Bailey)
  A wyvern skeleton (D:13)
  4 killer bees (D:8)
  19 wights
  3 crimson imps
  4 bullfrog zombies
  2 centaur zombies
  A quasit (D:11)
  9 orc priests
  4 gnoll shamans
  8 hounds
  7 jellies
  2 bullfrog skeletons
  4 iguanas
  4 hexers
  11 orc wizards
  2 worker ants
  2 worker ant zombies
  An ancestor (D:4)
  10 adders
  14 gnolls
  2 oozes
  An adder zombie (D:7)
  2 worms (D:2)
  6 leopard geckos
  46 orcs
  7 giant cockroaches
  24 goblins
  16 hobgoblins
  15 jackals
  6 quokkas
  A ball python skeleton (D:4)
  5 bats
  7 frilled lizards
  5 kobolds
  A quokka zombie (D:5)
  6 rats
  2 bushes (Lair:6)
  A plant (Lair:1)
499 creatures vanquished.

Vanquished Creatures (collateral kills)
  A hydra (Lair:4)
  A catoblepas (Lair:6)
  An alligator (Swamp:2)
  A death yak (Lair:6)
  A skeletal warrior (D:13)
  A wizard (D:14)
  A phantasmal warrior (D:15)
  3 necromancers
  A stone giant zombie (D:15)
  2 manticores
  A fire giant zombie (D:15)
  2 elephants (Lair:6)
  A black mamba (Lair:6)
  8 spiny frogs
  A gargoyle (D:10)
  A komodo dragon (D:12)
  A spriggan zombie (D:15)
  A troll (D:9)
  2 bog bodies
  6 blink frogs
  A hippogriff (Lair:6)
  2 shadows
  4 wraiths
  6 yaks
  2 humans (D:14)
  2 steam dragons
  2 fire elementals (D:15)
  2 vampire mosquitoes (D:15)
  A warg (shapeshifter) (D:15)
  A water moccasin (Lair:6)
  A hell hound (D:15)
  2 porcupines
  3 orc warriors
  2 black bears (D:10)
  3 sky beasts
  3 slaves (D:4)
  An ice beast (D:9)
  4 ogres
  2 necrophages
  A wolf (Lair:1)
  2 centaurs
  4 crocodiles
  A big kobold (D:3)
  2 gnoll sergeants (Bailey)
  5 bullfrogs
  A wyvern skeleton (D:12)
  A scorpion (D:6)
  A wight (D:10)
  2 killer bees (D:8)
  2 howler monkeys (D:10)
  A crimson imp (D:12)
  4 hounds
  A jelly (D:13)
  3 orc priests
  3 gnoll shamans (Bailey)
  A bullfrog skeleton (D:5)
  3 centaur skeletons
  An iguana (D:13)
  7 orc wizards
  2 worker ants
  A hound zombie (D:6)
  2 worker ant zombies
  12 gnolls
  A howler monkey skeleton (D:8)
  3 adders
  A leopard gecko (D:5)
  16 orcs
  18 hobgoblins (D:3)
  2 jackals
  2 quokkas
  A frilled lizard (D:5)
  6 goblins (D:3)
  A kobold (D:3)
195 creatures vanquished.

Vanquished Creatures (others)
  A black bear (D:10)
  A wolf (Lair:3)
  29 hexers
  A gnoll (D:3)
  4 ancestors
  2 orcs (D:7)
  31 fungi
  9 plants
78 creatures vanquished.

Grand Total: 772 creatures vanquished

Notes
Turn   | Place    | Note
-------+----------+-------------------------------------------
     0 | D:1      | Lilu the Deep Elf Wizard began the quest for the Orb.
     0 | D:1      | Reached XP level 1. HP: 10/10 MP: 7/7
   299 | D:1      | Reached XP level 2. HP: 15/15 MP: 4/9
   344 | D:1      | Learned a level 2 spell: Call Imp
   347 | D:1      | Learned a level 2 spell: Blink
  1334 | D:2      | Reached XP level 3. HP: 19/19 MP: 8/11
  1339 | D:2      | Learned a level 3 spell: Conjure Flame
  1343 | D:2      | Learned a level 3 spell: Mephitic Cloud
  1534 | D:2      | Upgraded the game from 0.23-a0-636-g0ff6057 to
                  | 0.23-a0-639-ga9a3373
  2012 | D:2      | Found a hazy altar of Hepliaklqana.
  2209 | D:2      | Reached XP level 4. HP: 24/24 MP: 5/12
  2285 | D:3      | Found a sacrificial altar of Ru.
  2295 | D:3      | Noticed a sky beast
  2308 | D:3      | Reached skill level 1 in Poison Magic
  2312 | D:3      | Found an iron altar of Okawaru.
  2708 | D:2      | Became a worshipper of Hepliaklqana the Forgotten
  2787 | D:3      | Killed a sky beast
  2787 | D:3      | Reached skill level 5 in Spellcasting
  2787 | D:3      | Reached skill level 1 in Fire Magic
  2787 | D:3      | Reached skill level 1 in Air Magic
  2787 | D:3      | Reached XP level 5. HP: 7/25 MP: 6/14
  2908 | D:3      | Reached skill level 1 in Fighting
  3038 | D:3      | Found an opulent altar of Gozag.
  3712 | D:3      | Reached XP level 6. HP: 30/30 MP: 3/16
  4861 | D:4      | Found a staircase to the Ecumenical Temple.
  5014 | D:4      | Noticed a slave
  5014 | D:4      | Noticed a slave
  5014 | D:4      | Noticed a slave
  5015 | D:4      | Noticed Pikel
  5015 | D:4      | Noticed a slave
  5028 | D:4      | Reached XP level 7. HP: 35/35 MP: 9/17
  5429 | D:4      | Reached * piety under Hepliaklqana
  5542 | D:4      | Killed Pikel
  5542 | D:4      | Reached skill level 5 in Dodging
  5542 | D:4      | Reached skill level 6 in Spellcasting
  5724 | D:4      | Found a glowing golden altar of the Shining One.
  5737 | D:5      | Entered Level 5 of the Dungeon
  5737 | D:5      | Found Xiorot's Book Shoppe.
  5919 | D:5      | Found a basalt altar of Yredelemnul.
  5933 | D:5      | Found a sparkling altar of Nemelex Xobeh.
  5967 | D:5      | Reached XP level 8. HP: 28/40 MP: 20/20
  6089 | D:5      | Reached skill level 7 in Spellcasting
  6281 | D:5      | Found a stormy altar of Qazlal.
  6616 | D:5      | Reached skill level 5 in Conjurations
  6637 | D:5      | Got an ichor-stained mace
  6638 | D:5      | Identified the +7 mace of Neurosis {drain, Dex+4 Stlth+}
                  | (You found it on level 5 of the Dungeon)
  7253 | D:6      | Reached skill level 8 in Spellcasting
  7570 | D:6      | Reached ** piety under Hepliaklqana
  7571 | D:6      | Remembered your ancestor Tertia as a hexer
  7589 | D:6      | Noticed a two-headed ogre
  7608 | D:6      | Killed a two-headed ogre
  7608 | D:6      | Reached skill level 5 in Fighting
  7608 | D:6      | Reached XP level 9. HP: 25/48 MP: 23/23
  8744 | D:7      | Found Hotatz's General Store.
  8786 | D:7      | Found a radiant altar of Vehumet.
  9400 | D:7      | Found a glowing silver altar of Zin.
  9400 | D:7      | Found Zin's Purification Station.
  9471 | D:7      | Reached skill level 10 in Dodging
  9551 | D:7      | Reached *** piety under Hepliaklqana
  9855 | D:8      | Reached XP level 10. HP: 54/54 MP: 24/24
 10030 | D:8      | Noticed a two-headed ogre
 10060 | D:8      | Killed a two-headed ogre
 10060 | D:8      | Reached skill level 1 in Invocations
 10630 | D:8      | Found a blossoming altar of Fedhas.
 11518 | D:9      | Reached **** piety under Hepliaklqana
 11597 | D:9      | Found Mael's Assorted Antiques.
 11914 | D:9      | Reached skill level 9 in Spellcasting
 12216 | D:10     | Entered Level 10 of the Dungeon
 12369 | D:10     | Noticed Nergalle
 12385 | D:10     | Killed Nergalle
 12417 | D:10     | Reached XP level 11. HP: 41/60 MP: 25/26
 12466 | D:10     | Noticed Sonja
 12781 | D:7      | Bought 2 potions of curing for 180 gold pieces
 13068 | D:10     | Learned a level 5 spell: Fireball
 13073 | D:10     | Learned a level 4 spell: Sticky Flame
 13207 | D:10     | Killed Sonja
 13646 | D:10     | Found a runed gate.
 13657 | D:10     | Reached ***** piety under Hepliaklqana
 13696 | D:10     | Found a runed gate.
 13696 | D:10     | Found a runed gate.
 13696 | D:10     | Noticed SaintRoka's ghost (novice DDTm)
 13785 | D:10     | Reached skill level 10 in Spellcasting
 13826 | D:10     | Reached skill level 5 in Fire Magic
 14072 | D:10     | Found a staircase to the Lair.
 14212 | D:10     | Noticed Gastronok
 14271 | D:10     | Killed Gastronok
 14600 | D:11     | Found Deske's Magic Scroll Emporium.
 14678 | D:11     | Found a flagged portal.
 14691 | Bailey   | Entered a bailey
 16019 | D:11     | Noticed a centaur warrior
 16419 | Lair:1   | Entered Level 1 of the Lair of Beasts
 16899 | Lair:1   | Noticed an oklob plant
 16907 | Lair:1   | Killed an oklob plant
 16907 | Lair:1   | Reached skill level 1 in Short Blades
 16907 | Lair:1   | Reached XP level 12. HP: 67/67 MP: 26/28
 17112 | Lair:1   | You fall through a shaft!
 17518 | Lair:1   | Learned a level 6 spell: Deflect Missiles
 17523 | Lair:1   | Learned a level 4 spell: Cause Fear
 17817 | Lair:1   | Reached skill level 1 in Hexes
 17817 | Lair:1   | Reached skill level 1 in Charms
 18307 | Lair:2   | Noticed a death yak
 18317 | Lair:2   | HP: 1/67 [black mamba (10)]
 18734 | Lair:1   | Killed a death yak
 21412 | Lair:4   | Reached skill level 5 in Stealth
 21455 | Lair:4   | Found a staircase to the Swamp.
 21542 | Lair:4   | Noticed a catoblepas
 21558 | Lair:4   | HP: 2/67 [rime drake/flash freeze (14)]
 21578 | Lair:4   | Noticed a four-headed hydra
 21581 | Lair:4   | HP: 3/67 [wyvern (3)]
 21791 | Lair:3   | Upgraded the game from 0.23-a0-639-ga9a3373 to
                  | 0.23-a0-644-gb60d84b
 21870 | Lair:4   | Reached skill level 11 in Spellcasting
 22229 | Lair:4   | Killed a four-headed hydra
 22504 | Lair:4   | Killed a catoblepas
 22504 | Lair:4   | Reached skill level 5 in Invocations
 22589 | Lair:3   | Reached skill level 5 in Charms
 22870 | Lair:4   | Found a staircase to the Snake Pit.
 22958 | Lair:4   | Reached XP level 13. HP: 62/72 MP: 30/30
 23464 | Lair:5   | Reached ****** piety under Hepliaklqana
 23940 | Lair:6   | Entered Level 6 of the Lair of Beasts
 23945 | Lair:6   | Reached skill level 5 in Hexes
 24190 | Lair:6   | Found a viscous altar of Jiyva.
 24432 | Lair:6   | Found a staircase to the Slime Pits.
 25289 | Lair:6   | Reached skill level 12 in Spellcasting
 25317 | Lair:6   | Noticed a dire elephant
 27067 | Lair:6   | Found a viscous altar of Jiyva.
 27067 | Lair:6   | Found a staircase to the Slime Pits.
 27622 | Lair:6   | Killed a dire elephant
 28481 | Lair:6   | Reached skill level 10 in Fighting
 28481 | Lair:6   | Reached skill level 13 in Spellcasting
 28815 | Lair:6   | Learned a level 6 spell: Iron Shot
 29482 | D:11     | Learned a level 2 spell: Throw Flame
 29721 | D:11     | Reached skill level 1 in Earth Magic
 29791 | D:11     | Identified a scroll of acquirement
 29837 | D:11     | Reached XP level 14. HP: 79/79 MP: 33/33
 30372 | D:12     | You fall through a shaft for 3 floors!
 30372 | D:15     | Entered Level 15 of the Dungeon
 30387 | D:15     | Noticed Azrael
 30428 | D:15     | Reached skill level 1 in Shields
 30487 | D:15     | Found a staircase to the Depths.
 32304 | D:12     | Found a staircase to the Orcish Mines.
 32498 | D:12     | Noticed Rupert
 33663 | D:12     | Reached skill level 14 in Spellcasting
 34143 | D:13     | Found a portal to a secret trove of treasure.
 34424 | D:13     | Reached skill level 5 in Earth Magic
 34844 | D:14     | Found a snail-covered altar of Cheibriados.
 35173 | D:14     | Got a faintly humming chain mail
 35174 | D:14     | Identified the cursed +1 chain mail of the Aged Beggars
                  | {*Corrode rN+ MR+ Int+4} (You found it on level 14 of the
                  | Dungeon)
 35683 | D:14     | Found a gate to the Vaults.
 35958 | D:15     | Found a hazy altar of Hepliaklqana.
 35983 | D:15     | Noticed Josephine
 35995 | D:15     | Killed Josephine
 35995 | D:15     | Reached XP level 15. HP: 51/84 MP: 2/35
 36901 | D:15     | Killed Azrael
 37062 | D:15     | Identified Roxanne's Guide on Transformation
 37062 | D:15     | Noticed Roxanne
 37460 | Swamp:1  | Entered Level 1 of the Swamp
 37550 | Swamp:2  | Reached skill level 15 in Spellcasting
 37576 | Swamp:1  | Noticed Jorgrun
 37580 | Swamp:1  | HP: 2/85 [Jorgrun/iron shot (19)]
 37583 | Swamp:1  | Killed from afar by a bog body

Vault maps used:
D:1:      dpeg_arrival_signposts
D:2:      nicolae_overflow_hidden_temple, first_ration
D:3:      minmay_goblin_kobold_castle, lemuel_crystal_altar,
          nicolae_gozag_seed_capital, okawaru_metal_pillars_1_2, feat_on_display
D:4:      temple_pool_b, serial_glass, glass_columns_a, glass_columns_a,
          tso_altar, uniq_pikel
D:5:      nemelex_xobeh_ov_fountains_minmay, old_standard_altar, serial_shops,
          nicolae_shop_waterfront, grunt_qazlal_sundering
D:7:      zin_purify, fiery_altar_vehumet, serial_shops, shop
D:8:      fedhas_altar_4
D:9:      serial_shops, shop
D:10:     cheibrodos_statue_roulette, due_lair_maze_entry_diamond,
          gammafunk_ghost_spectres, uniq_nergalle, uniq_gastronok, uniq_sonja
D:11:     enter_bailey_2, serial_shops, shop, the_bakery, grunt_ministairs_2
D:12:     minmay_containers, erik_orc_1, minmay_between, uniq_rupert
D:13:     nicolae_trove_entry_path_of_doom
D:14:     grunt_vaults_entry_tiered, cheibriados_altar_1,
          kennysheep_cross_bottleneck
D:15:     gammafunk_depths_entry_grave, hangedman_decor_growths,
          minmay_statues_item, minmay_ruined_shrine, uniq_azrael, uniq_roxanne,
          uniq_josephine
Lair:1:   chequers_serial_rivers_large_a, minmay_lair_oklob_chamber
Lair:2:   minivault_27, hangedman_lair_generics_rect
Lair:3:   grunt_megastairs_3
Lair:4:   skrybe_swamp_entry_bodies, dummy_snake_entry, serial_bayou_shore_b,
          grunt_megastairs_5, lemuel_fruit_fields
Lair:6:   hangedman_lair_in_review, slime_altar_1
Swamp:1:  evilmike_swamp_ruin_house_4, infiniplex_staircase_pool_2, uniq_jorgrun
Swamp:2:  gammafunk_ghost_cemetery, hangedman_swamp_pad
Bailey:   bailey_polearm_gnolls_kennysheep, bailey

Skill      XL: |  1  2  3  4  5  6  7  8  9 10 11 12 13 14 15 |
---------------+----------------------------------------------+-----
Stealth        | 3 6 7 |  7.0
Dodging        | 3 4 5 8 10 12 14 | 14.3
Conjurations   | 2 3 4 5 6 7 8 |  8.0
Poison Magic   | 1 2 3 |  3.0
Spellcasting   | 5 6 8 9 10 11 13 14 15 | 15.0
Summonings     | 2 3 |  3.0
Fire Magic     | 1 2 3 7 8 |  8.0
Air Magic      | 1 2 3 |  3.0
Fighting       | 1 2 5 6 7 8 9 10 11 | 11.2
Translocations | 2 3 |  3.0
Invocations    | 3 4 5 |  5.0
Short Blades   | 1 3 |  3.7
Hexes          | 4 5 |  5.0
Charms         | 5 |  5.0
Earth Magic    | 1 6 7 |  7.0
Shields        | 4 |  4.0

Action                   |  1- 3 |  4- 6 |  7- 9 | 10-12 | 13-15 || total
-------------------------+-------+-------+-------+-------+-------++-------
Melee: Dagger            |       |       |     5 |   163 |     1 ||   169
       Mace              |       |       |    35 |    49 |   367 ||   451
 Fire: Hunting sling     |       |    44 |       |       |       ||    44
       Fustibalus        |       |     1 |     8 |       |       ||     9
 Cast: Magic Dart        |    94 |   174 |   336 |   341 |    23 ||   968
       Call Imp          |       |     8 |     9 |    48 |    12 ||    77
       Mephitic Cloud    |       |     1 |    16 |    47 |    11 ||    75
       Conjure Flame     |       |       |     8 |     7 |    20 ||    35
       Blink             |       |       |     1 |    30 |    21 ||    52
       Sticky Flame      |       |       |       |    58 |   137 ||   195
       Fireball          |       |       |       |    47 |    87 ||   134
       Cause Fear        |       |       |       |     6 |     6 ||    12
       Throw Flame       |       |       |       |       |   143 ||   143
       Iron Shot         |       |       |       |       |     4 ||     4
       Deflect Missiles  |       |       |       |       |     3 ||     3
Invok: Ancestor Life: He |       |       |     1 |       |       ||     1
       Recall Ancestor   |       |       |       |     5 |     7 ||    12
       Idealise          |       |       |       |       |     5 ||     5
       Ancestor Identity |       |       |       |       |     1 ||     1
  Use: Scroll            |       |       |     8 |    16 |     8 ||    32
       Potion            |       |       |       |     9 |     4 ||    13
 Stab: Confused          |       |       |     4 |    10 |    13 ||    27
       Distracted        |       |       |     3 |     3 |     8 ||    14
       Sleeping          |       |       |     1 |     5 |    11 ||    17
       Fleeing           |       |       |       |       |     1 ||     1
       Paralysed         |       |       |       |       |    19 ||    19
  Eat: Chunk             |     4 |     8 |    14 |    27 |    28 ||    81
       Ration            |       |       |       |     6 |     7 ||    13
Armor: Robe              |     5 |    19 |    18 |    52 |    25 ||   119
       Steam dragon scal |       |       |       |       |    61 ||    61
Dodge: Dodged            |    10 |    88 |    85 |   428 |   643 ||  1254
       Deflected         |       |       |       |       |     7 ||     7
Block: Buckler           |       |       |       |       |   119 ||   119

Table legend:
 A = Non-vault XP
 B = Vault XP
 C = Vault XP percentage of total XP
 D = Non-vault monster count
 E = Vault monster count
 F = Vault count percentage of total count
                 A         B        C        D         E       F
            +---------+---------+-------+---------+---------+-------
      Total |   61744 |   49385 |  44.4 |     456 |     230 |  33.5
            +---------+---------+-------+---------+---------+-------
        D:1 |      37 |       0 |   0.0 |      19 |       0 |   0.0
        D:2 |      74 |       0 |   0.0 |      18 |       0 |   0.0
        D:3 |     191 |     222 |  53.8 |      21 |      60 |  74.1
        D:4 |     220 |     618 |  73.7 |      18 |       1 |   5.3
        D:5 |     683 |       0 |   0.0 |      28 |       0 |   0.0
        D:6 |    2069 |       0 |   0.0 |      33 |       0 |   0.0
        D:7 |    1202 |       0 |   0.0 |      24 |       0 |   0.0
        D:8 |    2180 |       0 |   0.0 |      22 |       0 |   0.0
        D:9 |    2246 |       0 |   0.0 |      27 |       0 |   0.0
       D:10 |    1086 |    6400 |  85.5 |      15 |      18 |  54.5
       D:11 |    3845 |     550 |  12.5 |      27 |       3 |  10.0
       D:12 |    3223 |    4343 |  57.4 |      28 |      27 |  49.1
       D:13 |    9299 |     325 |   3.4 |      32 |       1 |   3.0
       D:14 |    5540 |    7917 |  58.8 |      28 |      27 |  49.1
       D:15 |    1742 |   11585 |  86.9 |       8 |      26 |  76.5
     Lair:1 |    2549 |    1873 |  42.4 |      12 |       3 |  20.0
     Lair:2 |    1413 |    1045 |  42.5 |       6 |       5 |  45.5
     Lair:3 |    2222 |     292 |  11.6 |      15 |       2 |  11.8
     Lair:4 |    7270 |    1867 |  20.4 |      27 |       6 |  18.2
     Lair:5 |    1717 |       0 |   0.0 |       8 |       0 |   0.0
     Lair:6 |   10548 |   11173 |  51.4 |      33 |      21 |  38.9
    Swamp:1 |     409 |       0 |   0.0 |       2 |       0 |   0.0
    Swamp:2 |    1979 |       0 |   0.0 |       5 |       0 |   0.0
     Bailey |       0 |    1175 | 100.0 |       0 |      30 | 100.0
            +---------+---------+-------+---------+---------+-------
